| TOP OF THE 1ST |
|
Bristol Bees batting - Pitching for Waynesboro Braves : RHP Alfonso Vasquez
|
|
Pitching: RHP Alfonso Vasquez
|
|
|
Batting: RHB Vernon Armstead
|
0-0: Called Strike 0-1: Called Strike 0-2: Ball 1-2: Ball 2-2: Foul Ball, location: 2F 2-2: SINGLE (Flyball, 89S)
|
|
Batting: RHB Julio Beltran
|
0-0: Ball Vernon Armstead steals 2nd base 1-0: Ball 2-0: Called Strike 2-1: Ball 3-1: Base on Balls
|
|
Batting: RHB Raphael Hampton
|
0-0: Called Strike Vernon Armstead is caught stealing 3rd base 2-5 0-1: Fly out, F6 (Popup, 6MS)
|
|
Batting: RHB John Urban
|
0-0: Ball 1-0: Ball 2-0: Called Strike 2-1: Swinging Strike 2-2: Foul Ball, location: 2F 2-2: Strikes out swinging
|
| Top of the 1st over - 0 runs, 1 hit, 0 errors, 1 left on base; Bristol 0 - Waynesboro 0 |
| BOTTOM OF THE 1ST |
|
Waynesboro Braves batting - Pitching for Bristol Bees : RHP Kenneth Forfar
|
|
Pitching: RHP Kenneth Forfar
|
|
|
Batting: SHB Albert Hall
|
0-0: Ball 1-0: Ball 2-0: Bunted foul 2-1: Ball 3-1: Ground out 4-3 (Groundball, 34)
|
|
Batting: RHB Ronald Tessler
|
0-0: Ball 1-0: Foul Ball, location: 2F 1-1: Swinging Strike 1-2: Ball 2-2: SINGLE (Groundball, 34D)
|
|
Batting: RHB Mark Naehring
|
0-0: Ball 1-0: Foul Ball, location: 2F 1-1: Ball 2-1: Ball 3-1: Base on Balls Ronald Tessler to second
|
|
Batting: RHB James LaFountain
|
0-0: Called Strike 0-1: Ball 1-1: Ball 2-1: Called Strike 2-2: Grounds into double play, 6-4-3 (Groundball, 6S)
|
| Bottom of the 1st over - 0 runs, 1 hit, 0 errors, 1 left on base; Bristol 0 - Waynesboro 0 |
| TOP OF THE 2ND |
|
Bristol Bees batting - Pitching for Waynesboro Braves : RHP Alfonso Vasquez
|
|
Batting: SHB William Lee
|
0-0: Foul Ball, location: 2F 0-1: Ball 1-1: Ball 2-1: Called Strike 2-2: DOUBLE (Line Drive, 9LS)
|
|
Batting: RHB Eric Clark
|
0-0: Called Strike 0-1: Ground out 5-3 (Groundball, 56S) William Lee to third
|
|
Batting: RHB Joe Maddon
|
0-0: Swinging Strike 0-1: Swinging Strike 0-2: Fly out, F8 (Flyball, 89M) Runner from 3rd tags up, SCORES, throw by CF
|
|
Batting: RHB Tom Goffena
|
0-0: Called Strike 0-1: Foul Ball, location: 2F 0-2: Ball 1-2: Strikes out looking
|
| Top of the 2nd over - 1 run, 1 hit, 0 errors, 0 left on base; Bristol 1 - Waynesboro 0 |
| BOTTOM OF THE 2ND |
|
Waynesboro Braves batting - Pitching for Bristol Bees : RHP Kenneth Forfar
|
|
Batting: RHB Barry Janney
|
0-0: Ground out 3-1 (Groundball, 34)
|
|
Batting: RHB Scott Carnes
|
0-0: Called Strike 0-1: Swinging Strike 0-2: Ball 1-2: SINGLE (Groundball, 6MD)
|
|
Batting: RHB Michael White
|
0-0: Ball 1-0: Called Strike 1-1: Swinging Strike 1-2: Ball 2-2: Strikes out swinging
|
|
Batting: RHB William Johnson
|
0-0: Ball 1-0: Ball 2-0: Foul Ball, location: 2F 2-1: Foul Ball, location: 2F 2-2: Ground out 4-3 (Groundball, 34)
|
| Bottom of the 2nd over - 0 runs, 1 hit, 0 errors, 1 left on base; Bristol 1 - Waynesboro 0 |
| TOP OF THE 3RD |
|
Bristol Bees batting - Pitching for Waynesboro Braves : RHP Alfonso Vasquez
|
|
Batting: RHB Eugenio Gonzalez
|
0-0: Ball 1-0: Called Strike 1-1: Foul Ball, location: 2F 1-2: TRIPLE (Flyball, 89XD)
|
|
Batting: RHB Vernon Armstead
|
0-0: Called Strike 0-1: Swinging Strike 0-2: Strikes out swinging
|
|
Batting: RHB Julio Beltran
|
0-0: SINGLE (Flyball, 9S) Eugenio Gonzalez scores
|
|
Batting: RHB Raphael Hampton
|
0-0: Foul Ball, location: 2F 0-1: Ball 1-1: Foul Ball, location: 2F 1-2: Fly out, F8 (Flyball, 8LM)
|
|
Batting: RHB John Urban
|
0-0: Ball 1-0: Called Strike 1-1: Ball 2-1: Ball 3-1: Base on Balls Julio Beltran to second
|
|
Batting: SHB William Lee
|
0-0: Called Strike 0-1: Ball 1-1: Ball 2-1: Ball 3-1: Base on Balls Julio Beltran to third John Urban to second
|
|
Batting: RHB Eric Clark
|
0-0: Swinging Strike 0-1: SINGLE (Line Drive, 78M) Julio Beltran scores John Urban to third William Lee to second
|
|
Batting: RHB Joe Maddon
|
0-0: Foul Ball, location: 2F 0-1: Foul Ball, location: 2F 0-2: Ball 1-2: Ball 2-2: SINGLE (Flyball, 89S) John Urban scores William Lee to third Eric Clark to second
|
|
Batting: RHB Tom Goffena
|
0-0: Ball 1-0: Called Strike 1-1: Swinging Strike 1-2: Ball 2-2: Foul Ball, location: 2F 2-2: Ball 3-2: Foul Ball, location: 2F 3-2: Foul Ball, location: 2F 3-2: Fly out, F7 (Line Drive, 7)
|
| Top of the 3rd over - 3 runs, 4 hits, 0 errors, 3 left on base; Bristol 4 - Waynesboro 0 |
| BOTTOM OF THE 3RD |
|
Waynesboro Braves batting - Pitching for Bristol Bees : RHP Kenneth Forfar
|
|
Batting: RHB Vicente Diaz
|
0-0: Ball 1-0: Ball 2-0: Ball 3-0: Called Strike 3-1: Base on Balls
|
|
Batting: SHB Albert Hall
|
0-0: Ball 1-0: Ball 2-0: Ball 3-0: Called Strike 3-1: Called Strike 3-2: Fly out, F7 (Flyball, 78M)
|
|
Batting: RHB Ronald Tessler
|
0-0: Ball 1-0: Swinging Strike 1-1: Foul Ball, location: 2F 1-2: Foul Ball, location: 2F 1-2: Fielders Choice at 2nd, 4-6 (Groundball, 4)
|
|
Batting: RHB Mark Naehring
|
0-0: Ball 1-0: Called Strike 1-1: TRIPLE (Flyball, 8RXD) Ronald Tessler scores
|
|
Batting: RHB James LaFountain
|
0-0: Ball 1-0: Ground out 1-3 (Groundball, P)
|
| Bottom of the 3rd over - 1 run, 1 hit, 0 errors, 1 left on base; Bristol 4 - Waynesboro 1 |
| TOP OF THE 4TH |
|
Bristol Bees batting - Pitching for Waynesboro Braves : RHP Alfonso Vasquez
|
|
Batting: RHB Eugenio Gonzalez
|
0-0: Ball 1-0: Swinging Strike 1-1: Swinging Strike 1-2: Fly out, F9 (Flyball, 9D)
|
|
Batting: RHB Vernon Armstead
|
0-0: Called Strike 0-1: Ball 1-1: Swinging Strike 1-2: Ground out 5-3 (Groundball, 56S)
|
|
Batting: RHB Julio Beltran
|
0-0: Ball 1-0: Called Strike 1-1: Ball 2-1: Ball 3-1: Foul Ball, location: 2F 3-2: Foul Ball, location: 2F 3-2: Ground out 6-3 (Groundball, 6D)
|
| Top of the 4th over - 0 runs, 0 hits, 0 errors, 0 left on base; Bristol 4 - Waynesboro 1 |
| BOTTOM OF THE 4TH |
|
Waynesboro Braves batting - Pitching for Bristol Bees : RHP Kenneth Forfar
|
|
Batting: RHB Barry Janney
|
0-0: Ball 1-0: Fly out, F9 (Flyball, 9D)
|
|
Batting: RHB Scott Carnes
|
0-0: Called Strike 0-1: Ball 1-1: SINGLE (Groundball, 56D)
|
|
Batting: RHB Michael White
|
0-0: Ball 1-0: Called Strike 1-1: Called Strike 1-2: Grounds into double play, 5-4-3 (Groundball, 56S)
|
| Bottom of the 4th over - 0 runs, 1 hit, 0 errors, 0 left on base; Bristol 4 - Waynesboro 1 |
| TOP OF THE 5TH |
|
Bristol Bees batting - Pitching for Waynesboro Braves : RHP Alfonso Vasquez
|
|
Batting: RHB Raphael Hampton
|
0-0: Foul Ball, location: 2F 0-1: Ball 1-1: Ball 2-1: Foul Ball, location: 2F 2-2: Ball 3-2: Foul Ball, location: 2F 3-2: Strikes out swinging
|
|
Batting: RHB John Urban
|
0-0: Foul Ball, location: 2F 0-1: Called Strike 0-2: Ball 1-2: SINGLE (Flyball, 9LM)
|
|
Batting: SHB William Lee
|
0-0: Ball 1-0: Swinging Strike 1-1: Ball 2-1: Called Strike 2-2: SINGLE (Groundball, 3D) John Urban to second Runner from 2nd tries for 3rd, OUT! 9-5
|
|
Batting: RHB Eric Clark
|
0-0: Called Strike 0-1: Ball 1-1: Foul Ball, location: 2F 1-2: Ball 2-2: Foul Ball, location: 2F 2-2: Fielders Choice at 2nd, 6-4 (Groundball, 6MD)
|
| Top of the 5th over - 0 runs, 2 hits, 0 errors, 1 left on base; Bristol 4 - Waynesboro 1 |
| BOTTOM OF THE 5TH |
|
Waynesboro Braves batting - Pitching for Bristol Bees : RHP Kenneth Forfar
|
|
Batting: RHB William Johnson
|
0-0: Ground out 6-3 (Groundball, 6)
|
|
Batting: RHB Vicente Diaz
|
0-0: DOUBLE (Groundball, 5L)
|
|
Batting: SHB Albert Hall
|
0-0: Called Strike 0-1: Ball 1-1: Swinging Strike 1-2: Ground out 4-3 (Groundball, 4M) Vicente Diaz to third
|
|
Batting: RHB Ronald Tessler
|
0-0: Ball 1-0: Ball 2-0: Ball 3-0: Called Strike 3-1: Swinging Strike 3-2: Foul Ball, location: 2F 3-2: Base on Balls
|
|
Batting: RHB Mark Naehring
|
0-0: Ball 1-0: Ball 2-0: DOUBLE (Flyball, 89XD) Vicente Diaz scores Ronald Tessler to third Runner from 3rd tries for Home, SAFE, no throw by CF
|
|
Batting: RHB James LaFountain
|
0-0: Ball 1-0: Called Strike 1-1: Called Strike 1-2: Ball 2-2: Foul Ball, location: 2F 2-2: TRIPLE (Flyball, 89XD) Mark Naehring scores
|
|
Batting: RHB Barry Janney
|
0-0: SINGLE (Line Drive, 6MD) James LaFountain scores
|
|
Batting: RHB Scott Carnes
|
0-0: Ball 1-0: Ball 2-0: Foul Ball, location: 2F 2-1: Fielders Choice at 2nd, 6-4 (Groundball, 6)
|
| Bottom of the 5th over - 4 runs, 4 hits, 0 errors, 1 left on base; Bristol 4 - Waynesboro 5 |
| TOP OF THE 6TH |
|
Bristol Bees batting - Pitching for Waynesboro Braves : RHP Alfonso Vasquez
|
|
Batting: RHB Joe Maddon
|
0-0: Called Strike 0-1: Foul Ball, location: 2F 0-2: Strikes out looking
|
|
Batting: RHB Tom Goffena
|
0-0: Foul Ball, location: 2F 0-1: Ball 1-1: Swinging Strike 1-2: Foul Ball, location: 2F 1-2: Ground out 6-3 (Groundball, 6)
|
|
Batting: RHB Eugenio Gonzalez
|
0-0: Foul Ball, location: 2F 0-1: Ball 1-1: Called Strike 1-2: Ball 2-2: Ball 3-2: Ground out 6-3 (Groundball, 6)
|
| Top of the 6th over - 0 runs, 0 hits, 0 errors, 0 left on base; Bristol 4 - Waynesboro 5 |
| BOTTOM OF THE 6TH |
|
Waynesboro Braves batting - Pitching for Bristol Bees : RHP Kenneth Forfar
|
|
Batting: RHB Michael White
|
0-0: Ball 1-0: Called Strike 1-1: Called Strike 1-2: Ball 2-2: Ground out 6-3 (Groundball, 6)
|
|
Batting: RHB William Johnson
|
0-0: Called Strike 0-1: Ground out U3 (Groundball, 34)
|
|
Batting: RHB Vicente Diaz
|
0-0: Fly out, F8 (Flyball, 89M)
|
| Bottom of the 6th over - 0 runs, 0 hits, 0 errors, 0 left on base; Bristol 4 - Waynesboro 5 |
| TOP OF THE 7TH |
|
Bristol Bees batting - Pitching for Waynesboro Braves : RHP Alfonso Vasquez
|
|
Batting: RHB Vernon Armstead
|
0-0: Ball 1-0: Ball 2-0: Ball 3-0: Base on Balls
|
|
Pinch Hitting: LHB David Long
|
0-0: Ball 1-0: Ball 2-0: Ball 3-0: Called Strike 3-1: Called Strike 3-2: Ground out 6-3 (Groundball, 6) Vernon Armstead to second
|
|
Batting: RHB Raphael Hampton
|
0-0: Called Strike Vernon Armstead steals 3rd base 0-1: Ball 1-1: Ball 2-1: Foul Ball, location: 2F 2-2: Foul Ball, location: 2F 2-2: Foul Ball, location: 2F 2-2: Foul Ball, location: 2F 2-2: Strikes out swinging
|
|
Pinch Hitting: LHB John Brown
|
0-0: Ball 1-0: Called Strike 1-1: Foul Ball, location: 2F 1-2: Ball 2-2: Foul Ball, location: 2F 2-2: Ball 3-2: Foul Ball, location: 2F 3-2: Ground out 4-3 (Groundball, 4)
|
| Top of the 7th over - 0 runs, 0 hits, 0 errors, 1 left on base; Bristol 4 - Waynesboro 5 |
| BOTTOM OF THE 7TH |
|
Waynesboro Braves batting - Pitching for Bristol Bees : RHP Kenneth Forfar
|
|
Now at 3B: Jorge Mac Craken
|
|
|
Now in LF: David Long
|
|
|
Batting: SHB Albert Hall
|
0-0: Foul Ball, location: 2F 0-1: Called Strike 0-2: Ground out 6-3 (Groundball, 56)
|
|
Batting: RHB Ronald Tessler
|
0-0: Called Strike 0-1: Ball 1-1: Ball 2-1: Ball 3-1: Called Strike 3-2: Ground out 3-1 (Groundball, 34S)
|
|
Batting: RHB Mark Naehring
|
0-0: Ground out 5-3 (Groundball, 56S)
|
| Bottom of the 7th over - 0 runs, 0 hits, 0 errors, 0 left on base; Bristol 4 - Waynesboro 5 |
| TOP OF THE 8TH |
|
Bristol Bees batting - Pitching for Waynesboro Braves : RHP Alfonso Vasquez
|
|
Now at 3B: Ricardo Guzman
|
|
|
Now in LF: Alvin Moore
|
|
|
Now in CF: Roger DeLazzer
|
|
|
Batting: SHB William Lee
|
0-0: Ball 1-0: Ball 2-0: Called Strike 2-1: Foul Ball, location: 2F 2-2: Ball 3-2: Ground out 1-3 (Groundball, 23)
|
|
Batting: RHB Eric Clark
|
0-0: Ground out 5-3 (Groundball, 56S)
|
|
Batting: RHB Joe Maddon
|
0-0: Fly out, F6 (Line Drive, 6)
|
| Top of the 8th over - 0 runs, 0 hits, 0 errors, 0 left on base; Bristol 4 - Waynesboro 5 |
| BOTTOM OF THE 8TH |
|
Waynesboro Braves batting - Pitching for Bristol Bees : RHP Kenneth Forfar
|
|
Batting: RHB James LaFountain
|
0-0: Foul Ball, location: 2F 0-1: Ground out 6-3 (Groundball, 6M)
|
|
Batting: RHB Barry Janney
|
0-0: Called Strike 0-1: TRIPLE (Flyball, 89XD)
|
|
Pinch Runner at 3rd Freddie Tisdale:
|
|
|
Batting: RHB Scott Carnes
|
0-0: Ground out 6-3 (Groundball, 6)
|
|
Batting: RHB Michael White
|
0-0: Ground out 6-3 (Groundball, 6D)
|
| Bottom of the 8th over - 0 runs, 1 hit, 0 errors, 1 left on base; Bristol 4 - Waynesboro 5 |
| TOP OF THE 9TH |
|
Bristol Bees batting - Pitching for Waynesboro Braves : RHP Alfonso Vasquez
|
|
Now at 2B: Manuel Garcia
|
|
|
Now in RF: Charles Barnes
|
|
|
Pinch Hitting: RHB Randall Schafer
|
0-0: Foul Ball, location: 2F 0-1: Ball 1-1: Ball 2-1: Ball 3-1: Base on Balls
|
|
Batting: RHB Eugenio Gonzalez
|
0-0: Bunted foul 0-1: Bunted foul 0-2: Ball 1-2: Ball 2-2: Ball 3-2: Base on Balls Randall Schafer to second
|
|
Pinch Runner at 2nd Orestes Minoso:
|
|
|
Batting: RHB Vernon Armstead
|
0-0: Ball 1-0: Ball 2-0: Ball 3-0: Base on Balls Orestes Minoso to third Eugenio Gonzalez to second
|
|
Batting: LHB David Long
|
0-0: Called Strike 0-1: Grounds into fielders choice 4-2 (Groundball, 4) Eugenio Gonzalez to third Vernon Armstead to second
|
|
Batting: RHB Raphael Hampton
|
0-0: Ball 1-0: SINGLE (Line Drive, 6MD) Eugenio Gonzalez scores Vernon Armstead to third David Long to second Runner from 3rd tries for Home, SAFE, throw by CF to home
|
|
Batting: RHB Jorge Mac Craken
|
0-0: Called Strike David Long steals 3rd base Raphael Hampton to second 0-1: Ball 1-1: Ground out 6-3 (Groundball, 6)
|
|
Batting: SHB William Lee
|
0-0: Intentional Walk
|
|
Batting: RHB Eric Clark
|
0-0: Swinging Strike 0-1: Ball 1-1: Foul Ball, location: 2F 1-2: Ball 2-2: Fly out, F6 (Popup, 6M)
|
| Top of the 9th over - 2 runs, 1 hit, 0 errors, 3 left on base; Bristol 6 - Waynesboro 5 |
| BOTTOM OF THE 9TH |
|
Waynesboro Braves batting - Pitching for Bristol Bees : RHP Kenneth Forfar
|
|
Now at SS: Kevin Drury
|
|
|
Now in LF: Victor Gonzalez
|
|
|
Pinch Hitting: LHB Glynn Tschirhart
|
0-0: Called Strike 0-1: Ball 1-1: Ball 2-1: Called Strike 2-2: Ball 3-2: DOUBLE (Flyball, 8LXD)
|
|
Pitching: RHP Michael Gustave
|
|
|
Pinch Hitting: RHB Donald Eagan
|
0-0: Ball 1-0: Ball 2-0: Ball 3-0: Base on Balls
|
|
Pinch Hitting: RHB Martinho Remdio
|
0-0: Called Strike 0-1: Foul Ball, location: 2F 0-2: Foul Ball, location: 2F 0-2: Foul Ball, location: 2F 0-2: SINGLE (Groundball, 56D) Glynn Tschirhart to third Donald Eagan to second Runner from 3rd tries for Home, SAFE, throw by LF to home
|
|
Batting: RHB Alvin Moore
|
0-0: Foul Ball, location: 2F 0-1: 3-RUN HOME RUN (Line Drive, 7D), Distance : 376 ft
|
 |
|
Thursday, January 24th, 2019 - OOTP Baseball 19.13 Build 132
|
|